 Dungeon Crawl Stone Soup version 0.24.1-14-gf8d2b509d9 (webtiles) character file.

Game seed: 14291842081784798853, levelgen mode: deterministic

35514 barney the Martial Artist (level 13, -7/158 HPs)
             Began as a Grey Draconian Transmuter on Sept 29, 2021.
             Was the Champion of Cheibriados.
             Mangled by a sun demon (25 damage)
             ... led by a balrug
             ... on level 3 of the Abyss.
             The game lasted 00:47:41 (19411 turns).

barney the Martial Artist (DrTm)                   Turns: 19411, Time: 00:47:41

Health: -7/158     AC:  9    Str: 32    XL:     13   Next: 48%
Magic:  20/25      EV: 12    Int: 35    God:    Cheibriados [******]
Gold:   1529       SH:  0    Dex: 28    Spells: 3/29 levels left

rFire    + . .     SeeInvis .     - Unarmed
rCold    . . .     Gourm    .   (shield currently unavailable)
rNeg     + . .     Faith    .   (armour unavailable)
rPois    +         Spirit   .   (helmet currently unavailable)
rElec    .         Reflect  .   (cloak currently unavailable)
rCorr    .         Harm     .   (gloves currently unavailable)
MR       .....                  (boots currently unavailable)
Stlth    ++........             p - amulet of regeneration
HPRegen  0.76/turn              r - ring of positive energy
MPRegen  0.19/turn              t - ring of protection from fire

@: mighty, hydra-form, very slow
A: very large, (walk through water), unfitting armour, clever 1, robust 1, AC
+13
a: End Transformation, Bend Time, Temporal Distortion, Slouch, Step From Time,
Renounce Religion


You were on level 3 of the Abyss.
You worshipped Cheibriados.
Cheibriados was exalted by your worship.
You were not hungry.
You were a seven-headed hydra.
You visited 3 branches of the dungeon, and saw 16 of its levels.
You visited the Abyss 1 time.
You also visited: Bailey and Volcano.

You collected 1529 gold pieces.

Inventory:

Hand Weapons
 v - the +7 mace of Variability {chain chaos}
   (You found it on level 10 of the Dungeon)

   Each time it hits an enemy it has a different, random effect.
   Cheibriados disapproves of the use of such an item.
Missiles
 a - 221 arrows
Armour
 k - a scarf of resistance
 x - a cursed +1 pair of gloves (melded)
 y - a scarf of repulsion (melded)
 C - a +0 hat (melded)
 F - the -7 cloak of Day {rElec rF- MP+9 Dex+5}
   (You found it on level 1 of the Lair of Beasts)

   It affects your dexterity (+5).
   It makes you vulnerable to fire.
   It insulates you from electricity.
   It affects your magic capacity (+9).
 J - a +0 cloak of fire resistance
Magical Staves
 L - an uncursed staff of cold
 P - an uncursed staff of cold
Jewellery
 d - an uncursed ring of see invisible {unknown}
 l - an uncursed amulet of faith
 p - an amulet of regeneration (around neck)
 r - a ring of positive energy (left foreclaw)
 s - a +3 ring of evasion
 t - a ring of protection from fire (right foreclaw)
Wands
 f - a wand of flame (38)
 D - a wand of polymorph (11)
 G - a wand of iceblast (21)
Scrolls
 b - 6 scrolls of identify
 g - 2 scrolls of magic mapping
 h - 5 scrolls of fear
 n - 4 scrolls of teleportation
 o - a scroll of enchant weapon
 u - 5 scrolls of remove curse
 A - a scroll of fog
 B - a scroll of brand weapon
 E - a scroll of blinking
Potions
 j - 3 potions of lignification
 m - a potion of curing
 q - 3 potions of flight
 z - a potion of brilliance
 H - 2 potions of might
 K - a potion of agility {unknown}
Comestibles
 c - 18 rations
 i - 12 chunks of flesh


   Skills:
 - Level 9.2 Fighting
 - Level 5.0 Dodging
 - Level 12.0 Unarmed Combat
 + Level 8.9 Spellcasting
 - Level 5.9 Conjurations
 - Level 1.1 Hexes
 - Level 10.2 Transmutations
 - Level 2.1 Air Magic
 - Level 4.0 Earth Magic
 - Level 4.1 Poison Magic
 - Level 5.6 Invocations
 - Level 5.1 Evocations


You had 3 spell levels left.
You knew the following spells:

 Your Spells              Type           Power        Failure   Level  Hunger
a - Beastly Appendage     Tmut           ######       1%          1    None
b - Spider Form           Tmut/Pois      ######....   1%          3    None
c - Blade Hands           Tmut           ######....   1%          5    ###....
d - Sticks to Snakes      Tmut           ######..     1%          2    None
e - Petrify               Tmut/Erth      ######..     1%          4    None
f - Confusing Touch       Hex            ###...       1%          1    None
g - Magic Dart            Conj           ####         1%          1    None
h - Mephitic Cloud        Conj/Pois/Air  #####...     1%          3    None
i - Hydra Form            Tmut           ######....   6%          6    #####..

Your spell library contained the following spells:

 Spells                   Type           Power        Failure   Level  Hunger
 Shock                    Conj/Air       ####         1%          1    None
 Static Discharge         Conj/Air       #####...     1%          3    None
 Stone Arrow              Conj/Erth      ######       1%          3    None
 Animate Skeleton         Necr           N/A          2%          1    None
 Apportation              Tloc           ###...       2%          1    None
 Summon Small Mammal      Summ           ###.         2%          1    None
 Slow                     Hex            ###.....     2%          2    None
 Swiftness                Chrm/Air       ###.....     2%          2    None
 Conjure Flame            Conj/Fire      #####...     2%          3    None
 Blink                    Tloc           N/A          4%          2    None
 Call Imp                 Summ           ###.....     4%          2    None
 Corpse Rot               Necr           N/A          4%          2    None
 Confuse                  Hex            ###.....     5%          3    None
 Gell's Gravitas          Tloc           ###.......   9%          3    None
 Ice Form                 Ice/Tmut       ######..     3%          4    None
 Yara's Violent Unravell  Hex/Tmut       ######....   8%          5    ###....
 Leda's Liquefaction      Hex/Erth       ####......   10%         4    None
 Airstrike                Air            ####......   11%         4    None
 Lightning Bolt           Conj/Air       #####.....   14%         5    ###....
 Metabolic Englaciation   Hex/Ice        ###.......   52%         5    ###....
 Summon Forest            Summ/Tloc      ###.......   61%         5    ###....
 Summon Hydra             Summ           ###.......   100%        7    ######.
 Tornado                  Air            ####......   100%        9    #######


Dungeon Overview and Level Annotations

Branches:
Dungeon (10/15)            Temple (1/1) D:5            Lair (5/6) D:8
  Swamp (0/4) Lair:2        Snake (0/4) Lair:4       Bailey (visited)
Volcano (visited)
  Slime: Lair:5-6       Orc: D:9-12

Altars:
Ashenzari
Cheibriados
Dithmenos
Elyvilon
Fedhas
Gozag
Hepliaklqana
Kikubaaqudgha
Makhleb
Nemelex Xobeh
Okawaru
Qazlal
Ru
Sif Muna
Trog
Uskayaw
Vehumet
Wu Jian
Xom
Yredelemnul
Zin
The Shining One


Innate Abilities, Weirdness & Mutations

((You can walk through water.))
((Your dull iron-grey scales are very hard. (AC +13)))
You cannot fit into any form of body armour.
((You can survive without breathing.))
((You are cold-blooded and may be slowed by cold attacks.))
((You have a pair of small horns on your head.))
Your mind is acute. (Int +2)
You are robust. (+10% HP)


Message History

The sun demon hits you!!
* * * LOW HITPOINT WARNING * * *
You are engulfed in flames!
You resist.
* * * LOW HITPOINT WARNING * * *
You feel much better.
The sun demon hits you but does no damage.
Okay, then.
You feel very mighty all of a sudden. The sun demon hits you!!
* * * LOW HITPOINT WARNING * * *
You are engulfed in flames.
You resist.
* * * LOW HITPOINT WARNING * * *
Okay, then.
Blink to where?
Press: ? - help, Dir - move target cursor
Okay, then.
You bite the sun demon!
The sun demon is almost dead.
The sun demon hits you!!
You die...

. . .#.# ..# .. ..##
# ######..##....# ..
.
..........#.....#.≈≈≈
. ...)....#....#≈≈≈ .
#. # #).# #. .. ≈≈ #
. #...##....≈≈≈.## ≈
#...D#....≈≈...#
#...#33....#..# .
##.###.......? #
####.....#.#. #...
....# . ## .......
32≈ #####.#..# ≈≈
...#.. . # .. #.


You could see 2 sun demons.

Vanquished Creatures
  A sphinx (Abyss:3)
  A deep elf sorcerer (Abyss:3)
  A rakshasa (Abyss:3)
  Harold (Lair:2)
  A great orb of eyes (Abyss:3)
  A dancing weapon (Volcano)
  Nergalle (Lair:4)
  A shadow demon (Abyss:3)
  4 lindwurms (Lair:3)
  6 wizards
  Pikel (D:5)
  An orc knight (Bailey)
  5 toenail golems (Volcano)
  2 black mambas
  6 spiny frogs
  A rime drake (Lair:2)
  4 komodo dragons
  6 polar bears
  Prince Ribbit (D:8)
  Grinder (D:5)
  5 hippogriffs
  32 yaks
  A spriggan (D:10)
  3 wyverns
  A basilisk (D:8)
  3 chaos spawn (D:10)
  A hungry ghost (D:7)
  A steam dragon (D:8)
  Grum (Lair:1)
  Menkaure (D:7)
  2 nagas (Lair:4)
  12 water moccasins
  7 porcupines
  A swamp drake (D:8)
  12 black bears
  7 orc warriors
  A slave (D:5)
  2 phantoms
  2 sky beasts
  5 wolves (Lair:1)
  4 ogres
  2 centaurs (D:6)
  8 crocodiles
  A big kobold (D:6)
  5 bullfrogs
  2 scorpions (D:8)
  A water moccasin skeleton (D:7)
  3 wights (D:7)
  6 howler monkeys
  3 centaur zombies
  8 crimson imps
  6 hounds
  3 jellies
  6 orc priests
  A centaur skeleton (D:9)
  11 orc wizards
  3 iguanas (D:6)
  6 worker ants
  A hound skeleton (D:3)
  A howler monkey zombie (D:10)
  2 gnolls (Bailey)
  9 adders
  7 shadow imps
  2 oozes
  A worm (D:5)
  3 dart slugs
  7 leopard geckos
  36 orcs
  3 ball pythons
  11 bats
  6 giant cockroaches
  8 goblins
  17 hobgoblins
  10 jackals
  A quokka (D:7)
  9 frilled lizards
  24 kobolds
  5 rats
388 creatures vanquished.

Vanquished Creatures (collateral kills)
  2 hydras
  2 orc warriors (Bailey)
  An orc (Bailey)
  A goblin (Bailey)
  2 hobgoblins (Bailey)
8 creatures vanquished.

Vanquished Creatures (others)
  An orc wizard (D:8)
  4 fungi
  5 plants
10 creatures vanquished.

Grand Total: 406 creatures vanquished

Notes
Turn   | Place    | Note
-------+----------+-------------------------------------------
     0 | D:1      | barney the Draconian Transmuter began the quest for the
                  | Orb.
     0 | D:1      | Reached XP level 1. HP: 16/16 MP: 3/3
    58 | D:1      | Reached XP level 2. HP: 12/23 MP: 3/5
   406 | D:1      | Reached XP level 3. HP: 20/28 MP: 4/6
   568 | D:1      | Learned a level 3 spell: Spider Form
  1118 | D:2      | Found a hazy altar of Hepliaklqana.
  1283 | D:2      | Reached XP level 4. HP: 26/35 MP: 2/7
  1290 | D:2      | Reached skill level 1 in Evocations
  2526 | D:3      | Reached XP level 5. HP: 28/40 MP: 8/8
  3242 | D:4      | Reached skill level 5 in Transmutations
  3256 | D:4      | Found a radiant altar of Vehumet.
  3257 | D:4      | Found a stormy altar of Qazlal.
  3527 | D:4      | Found a stormy altar of Qazlal.
  3801 | D:4      | Found a shimmering altar of Xom.
  3816 | D:4      | Reached XP level 6. HP: 39/47 MP: 9/9
  3823 | D:4      | Learned a level 5 spell: Blade Hands
  4074 | D:5      | Entered Level 5 of the Dungeon
  4122 | D:5      | Noticed Grinder
  4136 | D:5      | Killed Grinder
  4136 | D:5      | Your scales start taking on a dull iron-grey colour.
  4136 | D:5      | Reached XP level 7. HP: 39/52 MP: 4/10
  4136 | D:5      | Gained mutation: You can survive without breathing. [Grey
                  | Draconian growth]
  4160 | D:5      | Found a staircase to the Ecumenical Temple.
  4302 | Temple   | Entered the Ecumenical Temple
  4832 | Temple   | Became a worshipper of Cheibriados the Contemplative
  4838 | Temple   | Gained mutation: You can translocate small distances at
                  | will. [potion of mutation]
  4838 | Temple   | Gained mutation: Your muscles are strong. (Str +2) [potion
                  | of mutation]
  5301 | D:5      | Noticed Pikel
  5308 | D:5      | Killed Pikel
  5308 | D:5      | Reached XP level 8. HP: 59/59 MP: 6/11
  5362 | D:5      | Found an ancient bone altar of Kikubaaqudgha.
  5362 | D:5      | Found a bloodstained altar of Trog.
  5431 | D:5      | Learned a level 2 spell: Sticks to Snakes
  6269 | D:6      | Reached skill level 4 in Unarmed Combat
  6292 | D:6      | Reached * piety under Cheibriados
  6406 | D:6      | Found a bloodstained altar of Trog.
  6478 | D:6      | Reached skill level 5 in Unarmed Combat
  6782 | D:7      | Noticed Menkaure
  6787 | D:7      | Noticed a hippogriff
  6813 | D:7      | Killed Menkaure
  6813 | D:7      | Reached XP level 9. HP: 59/70 MP: 6/12
  7190 | D:7      | Reached skill level 6 in Unarmed Combat
  7388 | D:7      | Reached ** piety under Cheibriados
  7388 | D:7      | Reached skill level 10 in Transmutations
  7934 | D:7      | Reached skill level 7 in Unarmed Combat
  7960 | D:7      | Reached skill level 5 in Fighting
  8144 | D:7      | Learned a level 4 spell: Petrify
  8377 | D:7      | Found a shadowy altar of Dithmenos.
  8377 | D:7      | Found a sparkling altar of Nemelex Xobeh.
  8607 | D:8      | Reached XP level 10. HP: 81/81 MP: 9/15
  8746 | D:8      | Reached skill level 1 in Earth Magic
  8843 | D:8      | Reached skill level 8 in Unarmed Combat
  8843 | D:8      | Reached skill level 1 in Invocations
  8870 | D:8      | Reached *** piety under Cheibriados
  8972 | D:8      | Found a staircase to the Lair.
  9245 | D:8      | Noticed Prince Ribbit
  9254 | D:8      | Killed Prince Ribbit
  9271 | D:8      | Learned a level 1 spell: Confusing Touch
  9273 | D:8      | Learned a level 1 spell: Magic Dart
  9643 | D:9      | Reached **** piety under Cheibriados
  9671 | D:9      | Found a flagged portal.
  9680 | D:9      | Reached skill level 1 in Conjurations
  9707 | Bailey   | Entered a bailey
  9723 | Bailey   | Noticed an orc knight
  9814 | Bailey   | Reached ***** piety under Cheibriados
 10052 | Bailey   | Killed an orc knight
 10260 | D:9      | Found a shimmering blue altar of Sif Muna.
 10296 | D:9      | Reached skill level 9 in Unarmed Combat
 10603 | D:10     | Entered Level 10 of the Dungeon
 10699 | D:10     | Reached skill level 5 in Evocations
 11015 | D:10     | Lost mutation: You can translocate small distances at will.
                  | [potion of mutation]
 11015 | D:10     | Lost mutation: Your muscles are strong. (Str +2) [potion of
                  | mutation]
 11015 | D:10     | Gained mutation: Potions are less effective at restoring
                  | your health. [potion of mutation]
 11015 | D:10     | Gained mutation: You are resistant to electric shocks.
                  | (rElec) [potion of mutation]
 11016 | D:10     | Lost mutation: Potions are less effective at restoring your
                  | health. [potion of mutation]
 11016 | D:10     | Lost mutation: You are resistant to electric shocks.
                  | (rElec) [potion of mutation]
 11016 | D:10     | Gained mutation: Your mind is acute. (Int +2) [potion of
                  | mutation]
 11016 | D:10     | Gained mutation: You have a pair of small horns on your
                  | head. [potion of mutation]
 11016 | D:10     | Gained mutation: You are robust. (+10% HP) [potion of
                  | mutation]
 11142 | D:10     | Reached XP level 11. HP: 100/100 MP: 12/18
 11196 | D:10     | Found the +7 mace of Variability {chain chaos}
 11202 | D:10     | Reached skill level 5 in Spellcasting
 11240 | D:10     | Found a shimmering altar of Xom.
 12041 | D:10     | Reached skill level 1 in Hexes
 12622 | Lair:1   | Entered Level 1 of the Lair of Beasts
 12627 | Lair:1   | Learned a level 3 spell: Mephitic Cloud
 12706 | Lair:1   | Noticed Grum
 12715 | Lair:1   | Killed Grum
 12796 | Lair:1   | Got an encrusted cloak
 12801 | Lair:1   | Identified the -7 cloak of Day {rElec rF- MP+9 Dex+5} (You
                  | found it on level 1 of the Lair of Beasts)
 13331 | Lair:1   | Noticed an eight-headed hydra
 13870 | Lair:1   | Killed an eight-headed hydra
 13870 | Lair:1   | Reached skill level 10 in Unarmed Combat
 14260 | Lair:2   | Found a dark tunnel.
 14274 | Volcano  | Entered a volcano
 14277 | Volcano  | Noticed a wizard
 14285 | Volcano  | Killed a wizard
 14285 | Volcano  | Reached skill level 1 in Poison Magic
 14289 | Volcano  | Reached skill level 1 in Air Magic
 14289 | Volcano  | Reached skill level 5 in Invocations
 14339 | Volcano  | Noticed a wizard
 14343 | Volcano  | Killed a wizard
 14381 | Volcano  | Noticed a wizard
 14386 | Volcano  | Killed a wizard
 14422 | Volcano  | Noticed a wizard
 14422 | Volcano  | Noticed a wizard
 14427 | Volcano  | Killed a wizard
 14427 | Volcano  | Reached XP level 12. HP: 97/111 MP: 19/19
 14618 | Lair:2   | Noticed a six-headed hydra
 14622 | Lair:2   | Reached ****** piety under Cheibriados
 14962 | Lair:2   | Noticed Harold
 14970 | Lair:2   | Killed Harold
 15057 | Lair:2   | Found a staircase to the Swamp.
 15236 | Lair:2   | Killed a seven-headed hydra
 15453 | Lair:2   | Reached skill level 11 in Unarmed Combat
 16962 | Lair:3   | Found a burning altar of Makhleb.
 17021 | Lair:3   | Reached skill level 5 in Conjurations
 17515 | Lair:3   | Reached skill level 5 in Dodging
 18045 | Lair:3   | Reached skill level 12 in Unarmed Combat
 18045 | Lair:3   | Reached XP level 13. HP: 20/122 MP: 16/20
 18494 | Lair:4   | Found a staircase to the Snake Pit.
 18698 | Lair:4   | Noticed Nergalle
 18704 | Lair:4   | Killed Nergalle
 19308 | Lair:5   | Learned a level 6 spell: Hydra Form
 19334 | Lair:4   | Cast into level 3 of the Abyss (a distortion unwield)
 19344 | Abyss:3  | Noticed a sphinx
 19344 | Abyss:3  | Noticed a deep elf sorcerer
 19348 | Abyss:3  | Paralysed by a sphinx for 7 turns
 19356 | Abyss:3  | Killed a deep elf sorcerer
 19357 | Abyss:3  | Killed a sphinx
 19372 | Abyss:3  | Paralysed by a great orb of eyes for 4 turns
 19382 | Abyss:3  | Identified Uleqouw's Grimoire of the Birds
 19401 | Abyss:3  | Noticed a balrug
 19411 | Abyss:3  | Mangled by a sun demon

Levels and vault maps discovered:
D:1:      minmay_arrival_loop, layout_rooms
D:2:      layout_basic, old_standard_altar, grunt_ministairs_10,
          minmay_misc_feat_five
D:3:      layout_basic, kennysheep_minor_cross, minmay_checkerbox
D:4:      layout_loops_ring, led_xom_imps, gammafunk_temple_overflow_statue,
          minivault_27, nicolae_qazlal_eye_of_the_storm
D:5:      layout_loops_ring, minitemple, minmay_temple_entry_large_hall,
          first_ration, supply_closet_lemuel, hex_tiny, uniq_grinder, uniq_pikel
D:6:      layout_cave_pools, trog_butcher_becter
D:7:      layout_loops_ring, gammafunk_temple_overflow_elements, uniq_menkaure
D:8:      layout_basic, erik_lair_dragon, uniq_prince_ribbit1
D:9:      layout_big_octagon, enter_bailey_2, basic_altar
D:10:     minmay_skewed_foursquare, layout_stronghold, grunt_pizzeria,
          minmay_guarded_unrand_variability
Temple:   eino_temple_water
Lair:1:   layout_gridlike, serial_forest, infiniplex_forest_clump_curved,
          infiniplex_forest_lined_1, infiniplex_forest_lined_room_2,
          infiniplex_forest_lined_4_way, infiniplex_forest_pool, uniq_grum
Lair:2:   layout_roguey, swamp_mist_pool, nicolae_volcano_entry_hallway,
          serial_bayou_pond_a, uniq_harold
Lair:3:   beast_lair_carwin_large_4, layout_cave_pods, basic_altar,
          minmay_lindwurm_lava, grunt_megastairs_4
Lair:4:   layout_hall_layers, minmay_snake_entry_guardpost_small, uniq_nergalle
Lair:5:   layout_regular_city, infiniplex_staircase_pool_2, lemuel_fruit_tree
Abyss:3:  base: Lair:1, hangedman_abyss_lost_library

Skill      XL: |  1  2  3  4  5  6  7  8  9 10 11 12 13 |
---------------+----------------------------------------+-----
Transmutations | 3 4 5 6 8 9 10 | 10.2
Evocations     | 1 2 3 5 |  5.1
Fighting       | 3 5 6 7 9 |  9.2
Unarmed Combat | 5 7 9 10 12 | 12.0
Spellcasting   | 3 4 5 8 |  8.9
Earth Magic    | 3 4 |  4.0
Invocations    | 3 5 |  5.6
Conjurations   | 1 4 5 |  5.9
Dodging        | 3 5 |  5.0
Hexes          | 1 |  1.1
Poison Magic   | 1 4 |  4.1
Air Magic      | 1 2 |  2.1

Action                   |  1- 3 |  4- 6 |  7- 9 | 10-12 | 13-15 || total
-------------------------+-------+-------+-------+-------+-------++-------
Melee: Unarmed           |   128 |   122 |   172 |   410 |    63 ||   895
       Kick              |     9 |       |       |       |       ||     9
       Tailslap          |     7 |     8 |    18 |    73 |     9 ||   115
       Headbutt          |     2 |     1 |       |    62 |    14 ||    79
       Punch             |     3 |       |     5 |    23 |     3 ||    34
       Dagger            |       |    84 |     4 |       |       ||    88
       Scimitar          |       |       |       |       |     5 ||     5
 Cast: Beastly Appendage |    15 |     8 |       |       |       ||    23
       Spider Form       |     4 |    13 |     2 |     5 |       ||    24
       Blade Hands       |       |     1 |    33 |    68 |    10 ||   112
       Petrify           |       |       |       |    13 |       ||    13
       Sticks to Snakes  |       |       |       |    11 |       ||    11
       Confusing Touch   |       |       |       |     3 |       ||     3
       Mephitic Cloud    |       |       |       |     3 |       ||     3
       Hydra Form        |       |       |       |       |     2 ||     2
Invok: Slouch            |       |       |       |     1 |       ||     1
 Abil: Evoke Berserk Rag |     1 |     1 |       |       |       ||     2
       End Transformatio |     1 |       |       |       |       ||     1
       Blink             |       |       |     2 |       |       ||     2
Evoke: Wand              |       |       |       |     1 |       ||     1
  Use: Scroll            |       |     4 |     6 |    14 |     2 ||    26
       Potion            |       |     1 |     9 |     7 |     5 ||    22
 Stab: Sleeping          |       |     1 |     1 |     4 |     1 ||     7
       Petrified         |       |       |       |    13 |       ||    13
       Distracted        |       |       |       |     1 |       ||     1
       Invisible         |       |       |       |     1 |       ||     1
       Confused          |       |       |       |     1 |       ||     1
  Eat: Chunk             |     3 |     6 |    10 |    19 |     1 ||    39
       Ration            |       |     2 |     4 |     5 |     1 ||    12
Armor: Skin              |    68 |    55 |    73 |   168 |    35 ||   399
Dodge: Dodged            |   136 |   173 |   131 |   397 |    46 ||   883
       Deflected         |       |       |       |    26 |     2 ||    28
       Rpst.: Scimitar   |       |       |       |       |     1 ||     1
